 Dungeon Crawl Stone Soup version 0.14.1-1-g650416f (webtiles) character file.

1853 Heema the Basher (level 8, -1/105 (111) HPs)
             Began as a Minotaur Berserker on May 12, 2014.
             Was an Elder of Trog.
             Killed from afar by an orc wizard (2 damage)
             ... with a puff of flame
             ... on Level 6 of the Dungeon.
             The game lasted 00:29:11 (6016 turns).

Heema the Basher (Minotaur Berserker)               Turns: 6016, Time: 00:29:12

HP  -1/105 (111) AC  6     Str 27      XL: 8   Next: 52%
MP   0/3         EV  9     Int  4      God: Trog [****..]
Gold 347         SH  0     Dex 12      Spells:  0 memorised,  7 levels left

rFire  + . .     SeeInvis .     E - +2,+0 mace (holy)
rCold  . . .     Clarity  .     u - +0 scale mail
rNeg   . . .     Conserve .     (no shield)
rPois  .         rCorr    .     (helmet restricted)
rElec  .         rRot     .     (no cloak)
SustAb . .       Spirit   +     (no gloves)
rMut   .         Warding  .     (no boots)
Saprov . . .     Stasis   .     w - amulet of guardian spirit
MR     .....                    (no ring)
                                o - cursed ring of protection from fire

@: berserking, very quick, not resistant to hostile enchantments, extremely
unstealthy
A: retaliatory headbutt, horns 2
a: Burn Spellbooks, Berserk, Trog's Hand, Brothers in Arms, Renounce Religion


You were on level 6 of the Dungeon.
You worshipped Trog.
Trog was greatly pleased with you.
You were not hungry.

You visited 1 branch of the dungeon, and saw 7 of its levels.

You collected 347 gold pieces.

Inventory:

Hand weapons
 E - a +2,+0 mace of holy wrath (weapon)
Armour
 u - a +0 scale mail (worn)
Comestibles
 c - 2 bread rations
 v - 2 meat rations
 x - a beef jerky
Scrolls
 i - 4 scrolls of teleportation {unknown}
 k - 2 scrolls of fear {unknown}
 l - 5 scrolls of remove curse
 n - a scroll of fog {unknown}
 t - 2 scrolls of enchant weapon II {unknown}
 y - a scroll of enchant armour {unknown}
 A - 6 scrolls of identify
 B - 2 scrolls of noise {unknown}
Jewellery
 o - a cursed ring of protection from fire (left hand)
 w - an amulet of guardian spirit (around neck)
 z - an uncursed ring of ice
 C - an uncursed ring of fire {unknown}
Potions
 d - 2 potions of curing
 e - 3 potions of mutation {unknown}
 f - a potion of cure mutation {unknown}
 g - a potion of restore abilities {unknown}
 h - a potion of invisibility {unknown}
 j - 2 potions of lignification {unknown}
 m - 4 potions of heal wounds {unknown}
 q - a potion of agility {unknown}
 r - 3 potions of resistance {unknown}
 s - 6 potions of might {unknown}
 D - a potion of paralysis {unknown}


   Skills:
 + Level 8.2 Fighting
 + Level 10.9 Maces & Flails
 - Level 2.4 Armour
 - Level 2.1 Dodging


You had 7 spell levels left.
You didn't know any spells.

Dungeon Overview and Level Annotations

Branches:
Dungeon (7/15)             Temple (0/1) D:4

Altars:
Elyvilon
Fedhas
Okawaru


Innate Abilities, Weirdness & Mutations

You reflexively headbutt those who attack you in melee.
You have a pair of horns on your head.


Message History

* * * LOW HITPOINT WARNING * * *
The orc wizard casts a spell at you. The magic dart hits you!
* * * LOW HITPOINT WARNING * * *
You climb upwards.
There is a stone staircase leading down, spattered with blood here.
Use which ability? (? or * to list)
A red film seems to cover your vision as you go berserk!
You feel yourself moving faster!
You feel mighty!
You feel somewhat more hungry.
The orc wizard hits you but does no damage.
The worm closely misses you. You furiously retaliate!
You headbutt the worm! You sock the worm!
The worm is almost dead.
The orc wizard points at you and mumbles some strange words.
The puff of flame hits you! You resist.
One of your 5 scrolls labeled TWIECZAEJU catches fire!
One of your 6 scrolls of remove curse catches fire!
Your scroll labeled PIROEKL NECRIE catches fire!
You die...

.#.......#####.....<###.......##
.#.......# #......# #....#.#.##
.#.<.....### #......# ##.###.....
.###.##....# #......# #.# #.....
.# #.##....# ##.##)## #.# #.....
)# #.##....####.##.#####.###.....
.# #.#.................).........
.# #(#)....####.##.##............
.###.#.........w@................
...........####o##.##............
####.#.#...####.##.##............
#.#.#.........#.####.....#####
#.............#.# #.....#####
######.#.........#.####..........
..........########...##.....#####
.....)....# #...##.....#
..........# #...##.....#


You could see a worm and an orc wizard.

Vanquished Creatures
  A troll (D:6)
  2 necrophages (D:5)
  Menkaure (D:6)
  3 ogres
  Sigmund (D:3)
  A big kobold (D:5)
  A giant frog (D:6)
  2 orc priests (D:5)
  A giant frog skeleton (D:6)
  3 worker ants
  3 orc wizards (D:5)
  An iguana (D:6)
  Ijyb (D:2)
  6 adders
  A shadow imp (D:6)
  2 worms (D:6)
  An inept item mimic (D:3)
  6 giant geckos
  14 orcs
  9 bats
  3 giant cockroaches
  17 goblins
  11 hobgoblins
  10 jackals
  16 kobolds
  2 quokkas
  2 ball pythons
  4 giant newts
  A hobgoblin skeleton (D:5)
  11 rats
  A plant (D:5)
138 creatures vanquished.

Vanquished Creatures (others)
  A big fish (D:4)
1 creature vanquished.

Grand Total: 139 creatures vanquished

Notes
Turn   | Place    | Note
--------------------------------------------------------------
     0 | D:1      | Heema, the Minotaur Berserker, began the quest for the Orb.
     0 | D:1      | Reached XP level 1. HP: 19/19 MP: 1/1
    98 | D:1      | Reached skill level 4 in Maces & Flails
   114 | D:1      | Reached XP level 2. HP: 24/26 MP: 1/1
   380 | D:1      | Reached skill level 5 in Maces & Flails
   386 | D:1      | Acquired Trog's second power
   715 | D:2      | Reached XP level 3. HP: 31/31 MP: 2/2
  1094 | D:2      | Noticed Ijyb
  1106 | D:2      | Killed Ijyb
  1356 | D:2      | Reached skill level 6 in Maces & Flails
  1356 | D:2      | Reached XP level 4. HP: 22/39 MP: 2/2
  2191 | D:3      | Noticed Sigmund
  2214 | D:3      | Killed Sigmund
  2214 | D:3      | Reached skill level 7 in Maces & Flails
  2214 | D:3      | Reached XP level 5. HP: 31/45 MP: 2/2
  2688 | D:4      | Found a white marble altar of Elyvilon.
  2922 | D:4      | Found a staircase to the Ecumenical Temple.
  3192 | D:4      | Noticed an ogre
  3200 | D:4      | Killed an ogre
  3200 | D:4      | Reached skill level 8 in Maces & Flails
  3200 | D:4      | Reached XP level 6. HP: 51/51 MP: 3/3
  3280 | D:4      | Found an iron altar of Okawaru.
  3821 | D:5      | Entered Level 5 of the Dungeon
  3824 | D:5      | Noticed a necrophage
  3842 | D:5      | Killed a necrophage
  3842 | D:5      | Reached skill level 9 in Maces & Flails
  3846 | D:5      | Noticed a necrophage
  3859 | D:5      | Killed a necrophage
  3859 | D:5      | Reached XP level 7. HP: 40/56 MP: 0/3
  4133 | D:5      | Reached skill level 10 in Maces & Flails
  4605 | D:5      | Reached skill level 5 in Fighting
  4985 | D:6      | Noticed Menkaure
  4991 | D:6      | Killed Menkaure
  4991 | D:6      | Reached XP level 8. HP: 48/69 MP: 2/3
  5237 | D:6      | Acquired Trog's third power
  5414 | D:6      | Found a blossoming altar of Fedhas.
  5433 | D:6      | Noticed a troll
  5442 | D:6      | Killed a troll
  6013 | D:7      | HP: 1/70 [orc wizard/magic dart (5)]
  6016 | D:6      | Killed from afar by an orc wizard

Action                   |  1- 3 |  4- 6 |  7- 9 || total
-------------------------+-------+-------+-------++-------
Melee: Mace              |    75 |    97 |   172 ||   344
Invok: Berserk           |     1 |     3 |     3 ||     7
       Trog's Hand       |       |     1 |     2 ||     3
       Burn Spellbooks   |       |       |     2 ||     2
  Use: Scroll            |       |     5 |       ||     5
       Potion            |       |     1 |     1 ||     2
 Stab: Sleeping          |       |     1 |       ||     1
